[Event "Icelandic-ch 2021"]
[Site "Kopavogur"]
[Date "2021.04.29"]
[Round "8.5"]
[White "Bjornsson, Sigurbjorn"]
[Black "Stefansson, Hannes"]
[Result "1-0"]
[ECO "B67"]
[WhiteElo "2327"]
[BlackElo "2532"]
[Annotator "ChessBase"]
[PlyCount "91"]
[EventDate "2021.04.22"]
[EventType "tourn"]
[EventCountry "ISL"]
[SourceTitle "playchess.com"]
[Source "ChessBase"]
[SourceQuality "1"]
[TimeControl "40/5400+30:1800+30"]

1. e4 c5 2. Nf3 d6 3. d4 cxd4 4. Nxd4 Nf6 5. Nc3 Nc6 6. Bg5 e6 7. Qd2 a6 8. O-O-O Bd7 9. f3 Be7 10. Kb1 Qc7 11. h4 h6 12. Be3 h5 13. Bg5 Ne5 14. Bd3 b5 15. Rhe1 b4 16. Nce2 a5 17. f4 Neg4 18. Ng3 Qc5 19. e5 Nd5 20. Bxe7 Kxe7 21. Nb3 Qf2 22. exd6+ Ke8 23. Be4 Qxg3 24. Bxd5 Rc8 25. f5 Qxd6 26. fxe6 fxe6 27. Bxe6 Qxd2 28. Bxd7+ Kxd7 29. Rxd2+ Kc7 30. Nxa5 Rhe8 31. Rde2 Rxe2 32. Rxe2 Rf8 33. a3 bxa3 34. b3 Kb6 35. Nc4+ Kc5 36. Nxa3 Kd4 37. Nb5+ Kc5 38. Nc7 Rf1+ 39. Kb2 g6 40. Ne6+ Kd6 41. Ng5 Ne5 42. Ne4+ Kd5 43. Nd2 Rh1 44. c4+ Kd6 45. Ne4+ Kd7 46. Ng3 1-0

[Event "Icelandic-ch 2021"]
[Site "Kopavogur"]
[Date "2021.04.30"]
[Round "9.3"]
[White "Thorfinnsson, Bjorn"]
[Black "Gretarsson, Helgi Ass"]
[Result "0-1"]
[ECO "A40"]
[WhiteElo "2384"]
[BlackElo "2437"]
[Annotator "NA"]
[PlyCount "50"]
[EventDate "2021.04.22"]
[EventType "tourn"]
[EventCountry "ISL"]
[SourceTitle "playchess.com"]
[Source "ChessBase"]
[SourceQuality "1"]
[TimeControl "40/5400+30:1800+30"]

1. d4 g6 2. c4 Bg7 3. Nc3 c5 4. d5 Bxc3+ 5. bxc3 f5 6. g4 fxg4 7. h3 g3 8. f4 d6 9. Bg2 Qa5 10. Qd3 Nd7 11. e4 Nb6 12. Nf3 Nf6 13. O-O Qa4 14. Nd2 Nh5 15. f5 Bd7 16. e5 Bxf5 17. Rxf5 gxf5 18. Bf3 Nf4 19. Qe3 dxe5 20. Qxe5 Ng6 21. Bh5 O-O-O 22. Bxg6 hxg6 23. Nb3 Nxc4 24. Qxe7 Nd6 25. Bg5 b6 0-1

[Event "Icelandic-ch 2021"]
[Site "Kopavogur"]
[Date "2021.04.30"]
[Round "9.4"]
[White "Kjartansson, Gudmundur"]
[Black "Mai, Alexander Oliver"]
[Result "1-0"]
[ECO "D35"]
[WhiteElo "2503"]
[BlackElo "2025"]
[Annotator "ChessBase"]
[PlyCount "95"]
[EventDate "2021.04.22"]
[EventType "tourn"]
[EventCountry "ISL"]
[SourceTitle "playchess.com"]
[Source "ChessBase"]
[SourceQuality "1"]
[TimeControl "40/5400+30:1800+30"]

1. d4 Nf6 2. c4 e6 3. Nc3 d5 4. cxd5 exd5 5. Bg5 c6 6. e3 Bf5 7. Qf3 Bg6 8. Bxf6 Qxf6 9. Qxf6 gxf6 10. Nf3 Nd7 11. Nh4 Be7 12. Ne2 f5 13. Nf3 Nb6 14. Nf4 Nc8 15. h4 h5 16. Ne5 Rh6 17. g3 a5 18. a4 Nb6 19. Be2 Bd6 20. Ned3 Ke7 21. b3 Nd7 22. Kd2 Nf8 23. Rhb1 Ne6 24. b4 Nxf4 25. exf4 axb4 26. Nxb4 Bxb4+ 27. Rxb4 Ra7 28. a5 Kd6 29. Rb6 Rh8 30. a6 Kc7 31. Rab1 bxa6 32. Bxa6 Re8 33. Rxc6+ Kxc6 34. Bb5+ Kd6 35. Bxe8 Ra2+ 36. Ke1 Rc2 37. Bb5 Ra2 38. Rb4 Ra1+ 39. Ke2 Ra2+ 40. Kf1 Ra1+ 41. Kg2 Rd1 42. Be2 Rd2 43. Kf1 Ra2 44. Rb6+ Kc7 45. Rb5 Kc6 46. Rc5+ Kd6 47. Bf3 Ra1+ 48. Kg2 1-0

[Event "Icelandic-ch 2021"]
[Site "Kopavogur"]
[Date "2021.04.30"]
[Round "9.5"]
[White "Thorfinnsson, Bragi"]
[Black "Stefansson, Vignir Vatnar"]
[Result "1/2-1/2"]
[ECO "D30"]
[WhiteElo "2432"]
[BlackElo "2327"]
[Annotator "NA"]
[PlyCount "87"]
[EventDate "2021.04.22"]
[EventType "tourn"]
[EventCountry "ISL"]
[SourceTitle "playchess.com"]
[Source "ChessBase"]
[SourceQuality "1"]
[TimeControl "40/5400+30:1800+30"]

1. d4 Nf6 2. c4 e6 3. Nf3 d5 4. Bg5 Nbd7 5. e3 Bb4+ 6. Nbd2 O-O 7. Rc1 h6 8. Bh4 c5 9. a3 Bxd2+ 10. Qxd2 g5 11. Bg3 Ne4 12. Qc2 Qa5+ 13. Nd2 Qxd2+ 14. Qxd2 Nxd2 15. Kxd2 cxd4 16. exd4 dxc4 17. Bxc4 Nb6 18. h4 g4 19. h5 Bd7 20. Ba2 Rac8 21. Rh4 f5 22. Bc7 Nd5 23. Bxd5 exd5 24. Rhh1 Rfe8 25. f3 Re6 26. Bf4 Rxc1 27. Rxc1 Rc6 28. Rxc6 Bxc6 29. fxg4 fxg4 30. Bxh6 Be8 31. Ke3 Bxh5 32. Kf4 Kf7 33. Ke5 Ke7 34. Kxd5 Bf7+ 35. Ke5 Bb3 36. Bf4 Kd7 37. d5 a5 38. Kd4 a4 39. Bb8 b5 40. Kc5 Bc4 41. g3 Be2 42. Bf4 Bf1 43. Kb4 Bc4 44. Be5 1/2-1/2